 Dungeon Crawl Stone Soup version 0.16.2-12-gd0ad4c3 (webtiles) character file.

133 yevrey the Skirmisher (level 4, -5/41 HPs)
             Began as a Minotaur Berserker on Oct 12, 2015.
             Was a Priest of Trog.
             Killed from afar by an orc wizard (7 damage)
             ... with a puff of flame
             ... on level 3 of the Dungeon.
             The game lasted 00:07:15 (1772 turns).

yevrey the Skirmisher (Minotaur Berserker)          Turns: 1772, Time: 00:07:20

Health: -5/41      AC:  3    Str: 22    XL:     4   Next: 94%
Magic:  2/2        EV: 18    Int:  4    God:    Trog [***...]
Gold:   99         SH:  0    Dex: 15    Spells: 0 memorised, 3 levels left

rFire  . . .     SeeInvis .     a - +0 spear
rCold  . . .     Clarity  .     b - +0 animal skin
rNeg   . . .     SustAb   .     (no shield)
rPois  .         Gourm    .     (helmet restricted)
rElec  .         Spirit   .     (no cloak)
rCorr  .         Warding  .     (no gloves)
rMut   .         Stasis   .     s - +0 pair of boots
MR     .....                    (no amulet)
Stlth  +++.......               (no ring)
                                (no ring)

@: agile, exhausted, slowed, very slow, not resistant to hostile enchantments,
fairly stealthy
A: retaliatory headbutt, horns 2
a: Burn Spellbooks, Berserk, Trog's Hand, Renounce Religion


You were on level 3 of the Dungeon.
You worshipped Trog.
Trog was most pleased with you.
You were hungry.

You visited 1 branch of the dungeon, and saw 3 of its levels.

You collected 99 gold pieces.

Inventory:

Hand weapons
 a - a +0 spear (weapon)
Missiles
 h - 42 arrows
Armour
 b - a +0 animal skin (worn)
 s - a +0 pair of boots (worn)
Jewellery
 x - an uncursed ring of fire {unknown}
Magical devices
 r - a wand of magic darts (27)
Scrolls
 f - a scroll of identify
 g - 2 scrolls of recharging {unknown}
 m - 2 scrolls of remove curse {unknown}
 n - 2 scrolls of noise {unknown}
 o - 3 scrolls of enchant weapon {unknown}
 p - 2 scrolls of random uselessness {unknown}
 v - 3 scrolls of immolation
 w - a scroll of amnesia {unknown}
Potions
 e - a potion of curing {unknown}
 j - a potion of might {unknown}
 k - a potion of resistance {unknown}
 l - a potion of heal wounds {unknown}
 q - a potion of restore abilities {unknown}
 u - a potion of brilliance {unknown}
Comestibles
 c - 2 bread rations
 i - a meat ration
 t - a beef jerky
 z - 2 chunks of flesh


   Skills:
 + Level 4.9 Fighting
 + Level 4.7 Polearms
 + Level 2.6 Armour
 + Level 3.3 Dodging
 + Level 1.0 Stealth


You had 3 spell levels left.
You didn't know any spells.

Dungeon Overview and Level Annotations

Branches:
Dungeon (3/15)

Altars:
Zin


Innate Abilities, Weirdness & Mutations

You reflexively headbutt those who attack you in melee.
You have a pair of horns on your head.


Message History

Something completely misses you.
You barely miss something.
You hear some strange, mumbled words.
The puff of flame misses you.
You closely miss something. Your headbutt misses something.
Something barely misses you.
You miss something. Something hits you.
* * * LOW HITPOINT WARNING * * *
Something hits you.
* * * LOW HITPOINT WARNING * * *
You barely miss something. You headbutt something. Something hits you.
* * * LOW HITPOINT WARNING * * *
Drink which item? (? for menu, Esc to quit)
It was a potion of agility.
You feel agile all of a sudden.
An orc wizard appears from thin air!
Reactivating autopickup.
The orc wizard points at you and mumbles some strange words.
The puff of flame hits you!
You die...

#...#. ######... #.....
#........ ..#.#
#.####... #.## (... #.#
#... #....#..##### ##.#
##.. #..#......## #..#
#.#
#..#.....###..###.##
###.#
........)o..#.....#
#...#
.........@....#..##
##.###
........)....##.# #..#
.......<.....##.# #.##
.............##..###.#
............###.....#
...>........# ###..##
.....!........##...####
...............#......#
...#...................


You could see an orc wizard.

Vanquished Creatures
  An orc wizard (D:3)
  5 adders
  2 worms (D:2)
  A giant gecko (D:1)
  4 oozes (D:1)
  4 orcs
  10 bats
  3 giant cockroaches
  6 goblins
  2 hobgoblins
  6 kobolds
  A ball python (D:1)
  A quokka (D:2)
  3 rats
49 creatures vanquished.

Notes
Turn   | Place    | Note
--------------------------------------------------------------
     0 | D:1      | yevrey, the Minotaur Berserker, began the quest for the Orb.
     0 | D:1      | Reached XP level 1. HP: 19/19 MP: 1/1
    79 | D:1      | Reached XP level 2. HP: 27/27 MP: 1/1
   248 | D:1      | Reached skill level 4 in Fighting
   317 | D:1      | Acquired Trog's second power
   859 | D:2      | Reached XP level 3. HP: 24/33 MP: 2/2
  1106 | D:2      | Reached XP level 4. HP: 12/41 MP: 2/2
  1569 | D:2      | Found a glowing silver altar of Zin.
  1739 | D:3      | Reached skill level 1 in Stealth
  1771 | D:3      | HP: 2/41 [something (1)]
  1772 | D:3      | Killed from afar by an orc wizard

Action                   |  1- 3 |  4- 6 || total
-------------------------+-------+-------++-------
Melee: Spear             |    67 |    54 ||   121
Invok: Berserk           |     1 |     2 ||     3
  Use: Scroll            |     2 |     1 ||     3
       Potion            |       |     1 ||     1
 Stab: Sleeping          |     1 |       ||     1
  Eat: Chunk             |     2 |     3 ||     5
